cohdb
Replays
Latest Replays
All Replays
Popular Replays
Top Player Replays
Match Explorer
How It Works
Community
CoH3 Stats
Reddit
Sign in to upload your games and track your stats! →
Sign in with Steam
Match 48528646
Unlisted
Match 48528646
Overview
Messages
Build Orders
End
Construct Infanterie Kompanie
Selects Mechanized Battlegroup
MG 42 Machine Gun Team
Grenadier Squad
MG 42 Machine Gun Team
GrW 34 Mortar Team
Construct Panzergrenadier Kompanie
Panzergrenadier Squad
Pak 40 Anti-tank Gun Team
Pioneer Squad
Medical Station
Construct Panzer Kompanie
Selects Raid Package
Selects StuG Assault Group
StuG Assault Group
Selects UNKNOWN (2160084)
Panther Heavy Tank
Panzer Officer Quarters
Side Skirts
Selects Mobile Repair Stations
Panther Heavy Tank
Menthol Ciggies
SuckMeinKomf
WARlordS
Kitasan
reset
Bubbciss
Elite Unit
SharpShooter18O
0
0
Comments
sign in to comment!
No comments posted yet!